 Dungeon Crawl Stone Soup version 0.23-a0-612-gcb482e9 (console) character file.

483 Duffy the Chopper (level 7, -1/37 HPs)
             Began as a Vine Stalker Fighter on Dec 21, 2018.
             Was a Follower of the Shining One.
             Slain by a wraith (6 damage)
             ... in an ossuary.
             The game lasted 00:02:15 (912 turns).

Duffy the Chopper (Vine Stalker Fighter)             Turns: 912, Time: 00:02:16

Health: -1/37      AC:  6    Str: 21    XL:     7   Next: 12%
Magic:  0/8        EV:  7    Int:  8    God:    the Shining One [*.....]
Gold:   24         SH:  9    Dex: 13    Spells: 6/6 levels left

rFire    . . .     SeeInvis .   i - +2 hand axe (chop)
rCold    . . .     Gourm    .   c - +0 shield
rNeg     . . .     Faith    .   b - +0 scale mail
rPois    .         Spirit   +   (no helmet)
rElec    .         Reflect  .   (no cloak)
rCorr    .         Harm     .   (no gloves)
MR       .....                  (no boots)
Stlth    ..........             (no amulet)
HPRegen  0.52/turn              (no ring)
MPRegen  0.11/turn              (no ring)

@: slowed, glowing, very slow
A: fangs 2, regeneration 1, magic shield, antimagic bite, no potion heal 3, rot
immunity
a: Renounce Religion


You were in an ossuary.
You worshipped the Shining One.
The Shining One was aware of your devotion.
You were not hungry.

You visited 1 branch of the dungeon, and saw 5 of its levels.
You also visited: Ossuary.

You collected 24 gold pieces.

Inventory:

Hand Weapons
 a - a +0 war axe
 i - a +2 hand axe of chopping (weapon)
Armour
 b - a +0 scale mail (worn)
 c - a +0 shield (worn)
Scrolls
 h - 4 scrolls of identify {unknown}
 j - 3 scrolls of remove curse {unknown}
 q - a scroll of fear {unknown}
Potions
 e - a potion of invisibility {unknown}
 g - a potion of brilliance {unknown}
 k - a potion of heal wounds {unknown}
 l - a potion of degeneration {unknown}
 m - a potion of curing {unknown}
 n - a potion of ambrosia {unknown}
 o - a potion of lignification {unknown}
 p - a potion of mutation {unknown}
 r - a potion of magic {unknown}
Comestibles
 f - a ration


   Skills:
 + Level 4.0 Fighting
 * Level 4.4 Axes
 + Level 3.6 Armour
 + Level 3.9 Shields


You had 6 spell levels left.
You didn't know any spells.
Your spell library was empty.

Dungeon Overview and Level Annotations

Branches:
Dungeon (5/15)
 Temple: D:4-7

Altars:
Wu Jian
The Shining One


Innate Abilities, Weirdness & Mutations

You have extremely sharp teeth.
Your natural rate of healing is unusually fast.
When hurt, damage is shared between your health and your magic reserves.
Your bite disrupts and absorbs the magic of your enemies.
Potions cannot restore your health.
You are immune to rotting.


Message History

You block the wraith's attack.
You hit the wraith but do no damage.
The wraith is lightly damaged.
The wraith hits you. The wraith drains your vigour!
You feel as though you will be slow longer.
The wraith hits you! The wraith drains your vigour!
You feel as though you will be slow longer.
You hit the wraith but do no damage.
The wraith is lightly damaged.
You block the wraith's attack. x2
You hit the wraith.
The wraith is lightly damaged.
The wraith barely misses you. You block the wraith's attack.
You hit the wraith. Your bite misses the wraith.
The wraith is moderately damaged.
The wraith hits you.
You hit the wraith. You bite the wraith, but do no damage.
The wraith is moderately damaged.
The wraith hits you.
You die...

#...............# #z
#.###.......###.####
#.#z#.......#z#.'...
#.###.......###.####
#...............# #W
#.###..###..###.# ##
#.#.#..#z#..# #.#
#.W##..###..# +.#
#.@.......... ..#
#################


You could see a wraith and a flying skull.

Vanquished Creatures
  A wraith (Ossuary)
  A phantom (D:5)
  A centaur (D:5)
  A wight (Ossuary)
  A crimson imp (D:5)
  2 orc priests (D:5)
  A worker ant (D:4)
  7 orcs (D:5)
  A giant cockroach (D:2)
  A ball python (D:3)
  2 bats (D:2)
  A hobgoblin skeleton (Ossuary)
  5 hobgoblin zombies (Ossuary)
  2 orc skeletons (Ossuary)
  An orc zombie (Ossuary)
  2 rats (D:3)
30 creatures vanquished.

Notes
Turn   | Place    | Note
-------+----------+-------------------------------------------
     0 | D:1      | Duffy the Vine Stalker Fighter began the quest for the Orb.
     0 | D:1      | Reached XP level 1. HP: 11/11 MP: 2/2
    69 | D:3      | You fall through a shaft!
    70 | D:4      | Noticed a worker ant
   273 | D:4      | Killed a worker ant
   273 | D:4      | Reached XP level 2. HP: 6/16 MP: 1/3
   273 | D:4      | Reached XP level 3. HP: 7/19 MP: 1/4
   465 | D:5      | Entered Level 5 of the Dungeon
   465 | D:5      | Noticed a phantom
   488 | D:5      | Killed a phantom
   488 | D:5      | Gained mutation: Your natural rate of healing is unusually
                  | fast. [Vine Stalker growth]
   488 | D:5      | Reached XP level 4. HP: 17/24 MP: 5/5
   538 | D:5      | Reached XP level 5. HP: 23/28 MP: 3/6
   607 | D:5      | Found a glowing golden altar of the Shining One.
   607 | D:5      | Found an ornate altar of the Wu Jian Council.
   616 | D:5      | Became a worshipper of the Shining One
   631 | D:5      | Noticed a centaur
   641 | D:5      | Killed a centaur
   641 | D:5      | Reached XP level 6. HP: 22/32 MP: 3/7
   670 | D:5      | Found a sand-covered staircase.
   679 | Ossuary  | Entered an ossuary
   768 | Ossuary  | Reached * piety under the Shining One
   797 | Ossuary  | Noticed a flying skull
   797 | Ossuary  | Noticed a wraith
   804 | Ossuary  | Noticed a flying skull
   830 | Ossuary  | Noticed a flying skull
   838 | Ossuary  | Noticed a wraith
   847 | Ossuary  | Killed a wraith
   847 | Ossuary  | Reached XP level 7. HP: 10/37 MP: 1/8
   894 | Ossuary  | Noticed a flying skull
   896 | Ossuary  | Noticed a flying skull
   902 | Ossuary  | Noticed a wraith
   912 | Ossuary  | Slain by a wraith

Vault maps used:
D:1:      dpeg_arrival_boxorama
D:2:      first_ration
D:3:      ashenzari_conservatory_becter, uniq_sigmund
D:4:      old_forge, zin_purify
D:5:      amethyst_overflow_temple_binary, biasface_ghost_orc_armoury,
          nicolae_ossuary_entry_ruins
Ossuary:  ossuary_due_cavern

Skill      XL: |  1  2  3  4  5  6 |
---------------+-------------------+-----
Axes           | 2 3 4 |  4.4
Fighting       | 3 4 |  4.0
Shields        | 3 |  3.9
Armour         | 3 |  3.6

Action                   |  1- 3 |  4- 6 |  7- 9 || total
-------------------------+-------+-------+-------++-------
Melee: War axe           |    37 |    10 |       ||    47
       Bite              |     6 |    16 |     2 ||    24
       Hand axe          |       |    47 |    10 ||    57
  Use: Potion            |       |     1 |       ||     1
Armor: Scale mail        |    19 |    13 |       ||    32
Dodge: Dodged            |    11 |    10 |     2 ||    23
Block: Shield            |    24 |    25 |     5 ||    54

Table legend:
 A = Non-vault XP
 B = Vault XP
 C = Vault XP percentage of total XP
 D = Non-vault monster count
 E = Vault monster count
 F = Vault count percentage of total count
                 A         B        C        D         E       F
            +---------+---------+-------+---------+---------+-------
      Total |     419 |     271 |  39.3 |      19 |      11 |  36.7
            +---------+---------+-------+---------+---------+-------
        D:2 |       4 |       0 |   0.0 |       3 |       0 |   0.0
        D:3 |       3 |       0 |   0.0 |       3 |       0 |   0.0
        D:4 |      32 |       0 |   0.0 |       1 |       0 |   0.0
        D:5 |     380 |       0 |   0.0 |      12 |       0 |   0.0
    Ossuary |       0 |     271 | 100.0 |       0 |      11 | 100.0
            +---------+---------+-------+---------+---------+-------
